 Dungeon Crawl Stone Soup version 0.25.0-1-g7eea58d2a3 (webtiles) character file.

Game seed: 8134342081330779182

4434 Delamore the Fighter (level 10, -3/72 HPs)
             Began as a Gargoyle Fighter on June 13, 2020.
             Was a Believer of Okawaru.
             Slain by an orc warrior
             ... wielding a +0 scimitar
              (13 damage)
             ... on level 7 of the Dungeon.
             The game lasted 00:08:51 (7081 turns).

Delamore the Fighter (Gargoyle Fighter)             Turns: 7081, Time: 00:08:52

Health: -3/72      AC: 17    Str: 23    XL:     10   Next: 36%
Magic:  10/10      EV: 10    Int:  9    God:    Okawaru [**....]
Gold:   448        SH:  0    Dex:  9    Spells: 9/9 levels left

rFire    . . .     SeeInvis .   g - +1 great mace (holy)
rCold    . . .     Gourm    .   (shield currently unavailable)
rNeg     + . .     Faith    .   E - +2 ring mail {rPois}
rPois    ∞         Spirit   .   (no helmet)
rElec    +         Reflect  .   C - +0 cloak
rCorr    .         Harm     .   h - +0 pair of gloves
MR       .....                  (no boots)
Stlth    ..........             y - amulet of the acrobat
HPRegen  0.22/turn              (no ring)
MPRegen  0.12/turn              (no ring)

@: no status effects
A: negative energy resistance 1, electricity resistance, unbreathing,
petrification resistance, rot immunity, AC +7
a: Heroism, Renounce Religion


You were on level 7 of the Dungeon.
You worshipped Okawaru.
Okawaru was pleased with you.
You were not hungry.

You visited 2 branches of the dungeon, and saw 9 of its levels.

You collected 448 gold pieces.

Inventory:

Hand Weapons
 a - a +0 flail
 g - a +1 great mace of holy wrath (weapon)
 l - a +0 mace of draining
Armour
 b - a +0 scale mail
 c - a +0 kite shield
 h - a +0 pair of gloves (worn)
 A - a +0 chain mail
 C - a +0 cloak (worn)
 E - a +2 ring mail of poison resistance (worn)
Jewellery
 y - an amulet of the acrobat (around neck)
Wands
 s - a wand of polymorph (8)
 B - a wand of clouds (3)
 D - a wand of acid (10)
Scrolls
 e - a scroll of enchant weapon
 i - 5 scrolls of teleportation
 o - a scroll of amnesia
 p - a scroll of fear
 q - 3 scrolls of enchant armour
 t - 4 scrolls of remove curse
 v - 2 scrolls of magic mapping
 w - 2 scrolls of immolation
 z - a scroll of fog
Potions
 d - a potion of might
 j - a potion of stabbing
 k - 4 potions of mutation {unknown}
 m - 2 potions of degeneration {unknown}
 n - a potion of haste
 r - 2 potions of curing
 u - a potion of flight
 x - a potion of cancellation
 G - a potion of lignification
Comestibles
 f - 12 rations
 F - 5 chunks of flesh


   Skills:
 - Level 12.7 Fighting
 + Level 12.1 Maces & Flails
 - Level 3.2 Armour
 - Level 3.2 Shields


You had 9 spell levels left.
You didn't know any spells.
Your spell library contained the following spells:

 Spells                   Type           Power        Failure   Level  Hunger
 Magic Dart               Conj           #...         54%         1    ##.....
 Blink                    Tloc           N/A          67%         2    ###....
 Call Imp                 Summ           #.......     67%         2    ###....
 Slow                     Hex            #.......     67%         2    ###....
 Conjure Flame            Conj/Fire      #.......     88%         3    ####...
 Mephitic Cloud           Conj/Pois/Air  #.......     88%         3    ####...


Dungeon Overview and Level Annotations

Branches:
Dungeon (8/15)             Temple (1/1) D:6
   Lair: D:8-11

Altars:
Ashenzari
Cheibriados
Dithmenos
Fedhas
Gozag
Hepliaklqana
Kikubaaqudgha
Makhleb
Nemelex Xobeh
Okawaru
Ru
Sif Muna
Trog
Vehumet
Wu Jian
Yredelemnul
Zin
The Shining One

Shops:
D:4 ::


Innate Abilities, Weirdness & Mutations

You are resistant to torment.
Your stone body is resilient. (AC +7)
You are immune to poison.
You resist negative energy. (rN+)
You are resistant to electric shocks. (rElec)
You can survive without breathing.
You are immune to petrification.
You are immune to rotting.


Message History

Okay, then.
As you read the scroll of fear, it crumbles to dust.
You assume a fearsome visage.
The orc wizard looks frightened!
The orc warrior looks frightened!
The iguana looks frightened!
The orc wizard gestures wildly while chanting.
The orc wizard flickers and vanishes!
Deactivating autopickup; reactivate with Ctrl-A.
You start resting.
The orc warrior is too close now for your liking.
The orc warrior completely misses you.
You sock the orc warrior!
The orc warrior is moderately wounded.
You hit the orc warrior.
The orc warrior is moderately wounded.
The orc warrior hits you with a +0 scimitar.
* * * LOW HITPOINT WARNING * * *
You completely miss the orc warrior.
The orc warrior is moderately wounded.
The orc warrior hits you with a +0 scimitar!
You die...

#..........# #..........#
#..........# #..........#
####..........#####
#########.................#
#.........##..............#
#######.##########...............
#.............##@o.............#.
#.####...........#...............
...............###...............
.................................
#####...<......#####.............
#............####.#..........
##..............#..........#.
#.................##..###...
#.................##<..##.##


You could see an orc warrior.

Vanquished Creatures
  A hippogriff (D:7)
  Sigmund (D:6)
  Eustachio (D:5)
  2 ice beasts
  3 sky beasts
  A phantom (D:4)
  An ogre (D:4)
  2 centaurs
  A bullfrog (D:6)
  5 scorpions
  A crimson imp (D:6)
  2 hounds
  7 orc wizards
  3 orc priests
  2 iguanas (D:5)
  5 worker ants
  8 gnolls
  13 adders
  2 shadow imps
  2 oozes
  7 worms
  2 dart slugs
  5 leopard geckos
  19 orcs
  3 giant cockroaches
  6 hobgoblins
  10 jackals
  6 quokkas
  12 bats
  2 frilled lizards
  A giant cockroach zombie (D:6)
  4 goblins
  A jackal skeleton (D:5)
  7 kobolds
  A quokka skeleton (D:5)
  A quokka zombie (D:7)
  7 rats
  A fungus (D:5)
158 creatures vanquished.

Vanquished Creatures (others)
  A fungus (D:5)
  4 toadstools (D:5)
5 creatures vanquished.

Grand Total: 163 creatures vanquished

Notes
Turn   | Place    | Note
-------+----------+-------------------------------------------
     0 | D:1      | Delamore the Gargoyle Fighter began the quest for the Orb.
     0 | D:1      | Reached XP level 1. HP: 14/14 MP: 1/1
   382 | D:1      | Reached XP level 2. HP: 19/19 MP: 2/2
   924 | D:2      | Reached XP level 3. HP: 23/23 MP: 3/3
  1026 | D:2      | Reached XP level 4. HP: 28/28 MP: 4/4
  1525 | D:2      | Found an opulent altar of Gozag.
  1641 | D:3      | Reached skill level 5 in Maces & Flails
  1658 | D:3      | Reached XP level 5. HP: 28/32 MP: 5/5
  2374 | D:3      | Reached XP level 6. HP: 29/37 MP: 6/6
  2529 | D:3      | Found a burning altar of Makhleb.
  2820 | D:4      | Noticed a phantom
  2839 | D:4      | Killed a phantom
  2839 | D:4      | Reached XP level 7. HP: 41/41 MP: 7/7
  2854 | D:4      | Found Wuaddoh's Book Boutique.
  2917 | D:4      | Found a sacrificial altar of Ru.
  3011 | D:4      | Found Myhohuff's Book Shop.
  3416 | D:5      | Entered Level 5 of the Dungeon
  3665 | D:5      | Found a radiant altar of Vehumet.
  3766 | D:5      | Found an ornate altar of the Wu Jian Council.
  3855 | D:5      | Found an iron altar of Okawaru.
  3879 | D:5      | Became a worshipper of Warmaster Okawaru
  3899 | D:5      | Found a hazy altar of Hepliaklqana.
  4007 | D:5      | Noticed Eustachio
  4041 | D:5      | Killed Eustachio
  4041 | D:5      | Reached * piety under Okawaru
  4041 | D:5      | Reached XP level 8. HP: 21/46 MP: 8/8
  4294 | D:5      | Noticed a moth of wrath
  4296 | D:5      | Found a bloodstained altar of Trog.
  4511 | D:6      | Noticed Sigmund
  4775 | D:6      | Killed Sigmund
  4832 | D:6      | Reached skill level 10 in Maces & Flails
  5354 | D:6      | Found a staircase to the Ecumenical Temple.
  5361 | D:6      | Reached ** piety under Okawaru
  5365 | Temple   | Entered the Ecumenical Temple
  6230 | D:7      | Reached XP level 9. HP: 51/51 MP: 9/9
  6557 | D:7      | Found a shimmering blue altar of Sif Muna.
  6856 | D:7      | Found a glowing silver altar of Zin.
  6871 | D:7      | Reached XP level 10. HP: 72/72 MP: 10/10
  7081 | D:7      | Slain by an orc warrior

Illustrated notes

Levels and vault maps discovered:
D:1:      dpeg_arrival_shrine, layout_rooms
D:2:      layout_loops_ring, marbit_many_paths
D:3:      layout_rooms, first_ration, makhleb_blood_cavern_becter
D:4:      layout_rooms, nicolae_ru_sacrificial_ziggurat, serial_shops, shop,
          nicolae_shop_temple_entry_statues_fountains
D:5:      layout_loops_ring, kennysheep_mini, lemuel_coloured_pillars_altar,
          lemuel_doored_altar, tgw_trog, lemuel_crystal_altar,
          minmay_gold_behind_fungi, uniq_eustachio
D:6:      layout_cave_pools, minmay_temple_entry_fiery, uniq_sigmund
D:7:      layout_rooms, led_sif_book, zin_statuary, st_stairs_2
D:8:      lemuel_ratsnest, layout_cave_pools, david_lair_generic, serial_shops,
          shop_scrolls, water_boxes_lemuel, uniq_psyche, uniq_erica
Temple:   jpeg_temple_island

Skill      XL: |  1  2  3  4  5  6  7  8  9 10 |
---------------+-------------------------------+-----
Maces & Flails | 3 4 5 6 7 9 11 12 | 12.1
Fighting       | 12 | 12.7
Armour         | |  3.2
Shields        | |  3.2

Action                   |  1- 3 |  4- 6 |  7- 9 | 10-12 || total
-------------------------+-------+-------+-------+-------++-------
Melee: Flail             |    39 |       |       |       ||    39
       Mace              |    49 |   215 |   233 |       ||   497
       Great mace        |       |       |   144 |    46 ||   190
  Use: Scroll            |       |       |    16 |     1 ||    17
       Potion            |       |       |     1 |       ||     1
  Eat: Chunk             |       |     7 |     6 |     1 ||    14
       Ration            |       |       |     2 |       ||     2
Armor: Scale mail        |    58 |   134 |    74 |       ||   266
       Chain mail        |       |       |    63 |       ||    63
       Ring mail         |       |       |   153 |    61 ||   214
Dodge: Dodged            |    36 |    86 |   212 |    57 ||   391
Block: Kite shield       |    50 |   135 |    88 |       ||   273
